 Dungeon Crawl Stone Soup version 0.25-a0-942-g87a5396 (webtiles) character file.

Game seed: 15867577783642112804, levelgen mode: deterministic

10021 DrEnzyme the Basher (level 11, -9/73 (74) HPs)
             Began as a Kobold Wanderer on May 7, 2020.
             Was a High Priest of Ru.
             Hit by a javelin thrown by a minotaur (23 damage)
             ... in a Gauntlet.
             The game lasted 00:51:05 (21899 turns).

DrEnzyme the Basher (Kobold Wanderer)              Turns: 21899, Time: 00:51:06

HP:   -9/73 (74)    AC: 16    Str: 15    XL:     11   Next: 85%
MP:   0/8           EV: 17    Int: 18    God:    Ru [*****.]
Gold: 711           SH:  4    Dex: 15    Spells: 8/12 levels left

rFire    + + .     SeeInvis +   a - +6 morningstar (vamp)
rCold    . . .     Gourm    .   (shield restricted)
rNeg     . . .     Faith    .   u - +3 ring mail "Veruju" {+Inv rF++ MP-9 Dex+2 SInv}
rPois    .         Spirit   +   s - +2 helmet
rElec    +         Reflect  .   r - +1 cloak
rCorr    .         Harm     .   B - +1 pair of gloves {archery}
MR       .....     NoTele   +   v - +0 pair of boots
Stlth    ++........             d - amulet of guardian spirit
HPRegen  0.22/turn              x - ring of protection from cold
MPRegen  0.11/turn              j - ring "Plog" {Wiz rElec rC- Int+6 SInv}

@: no scrolls, very slightly contaminated, studying Axes
A: small, large bone plates 1, carnivore, clumsy 1, electricity resistance,
inability to read while threatened, hated by all, inexperienced 1
a: Draw Out Power, Power Leap, Apocalypse, Renounce Religion, Evoke Invisibility


You were in a Gauntlet.
You worshipped Ru.
Ru was extremely pleased with you.
You were full.

You visited 4 branches of the dungeon, and saw 17 of its levels.
You also visited: Gauntlet.

You collected 1113 gold pieces.
You spent 402 gold pieces at shops.

Inventory:

Hand Weapons
 a - a +6 vampiric morningstar (weapon)
 l - a +2 rapier of holy wrath
Missiles
 m - 21 poisoned darts
 J - a throwing net (quivered)
Armour
 r - a +1 cloak (worn)
 s - a +2 helmet (worn)
 u - the +3 ring mail "Veruju" (worn) {+Inv rF++ MP-9 Dex+2 SInv}
   (You found it on level 4 of the Dungeon)

   It affects your dexterity (+2).
   It greatly protects you from fire.
   It affects your magic capacity (-9).
   It lets you see invisible.
   It lets you turn invisible.
 v - a +0 pair of boots (worn)
 B - a +1 pair of gloves of archery (worn)
 D - the +2 leather armour of Toufrip {rCorr Int+6}
   (You found it on level 6 of the Dungeon)

   It affects your intelligence (+6).
   It provides partial protection from all sources of acid and corrosion.
 G - the +5 scale mail "Axkutaon" {Int+2}
   (You bought it in a shop on level 6 of the Dungeon)

   It affects your intelligence (+2).
 H - a scarf of spirit shield
Jewellery
 d - an amulet of guardian spirit (around neck)
 j - the ring "Plog" (right hand) {Wiz rElec rC- Int+6 SInv}
   (You found it in a Gauntlet)

   [ring of wizardry]

   It improves your spell success rate.
   It affects your intelligence (+6).
   It makes you vulnerable to cold.
   It insulates you from electricity.
   It lets you see invisible.
 x - a ring of protection from cold (left hand)
Wands
 b - a wand of polymorph (11)
 e - a wand of flame (31)
 n - a wand of paralysis (12)
 L - a wand of random effects (14)
Scrolls
 g - a scroll of teleportation
 h - 2 scrolls of amnesia
 q - a scroll of fear
 z - a scroll of blinking
 C - 4 scrolls of remove curse
 I - a scroll of fog {unknown}
Potions
 c - 4 potions of lignification
 i - a potion of mutation
 k - 4 potions of curing
 o - a potion of resistance
 t - a potion of invisibility {unknown}
 w - a potion of stabbing
 A - 3 potions of degeneration
 E - 2 potions of heal wounds
 K - a potion of brilliance
Books
 p - a manual of Axes
Comestibles
 f - 33 rations


   Skills:
 + Level 11.2 Fighting
 - Level 1.8(9.3) Axes
 * Level 14.8(14.9) Maces & Flails
 - Level 0.9 Armour
 + Level 7.2 Dodging
 - Level 5.3 Stealth
 - Level 1.1 Spellcasting
   Level 1.0 Transmutations
   Level 1.0 Fire Magic
 + Level 8.2 Evocations


You had 8 spell levels left.
You knew the following spells:

 Your Spells              Type           Power        Failure   Level  Hunger
a - Corona                Hex            #......      16%         1    ##.....
b - Confusing Touch       Hex            #.......     41%         3    ####...

Your spell library contained the following spells:

 Spells                   Type           Power        Failure   Level  Hunger
 Slow                     Hex            #.......     24%         2    ###....
 Inner Flame              Hex/Fire       #.......     34%         3    ####...
 Gell's Gravitas          Tloc           #.........   41%         3    ####...
 Portal Projectile        Hex/Tloc       #.....       41%         3    ####...
 Petrify                  Tmut/Erth      #.......     75%         4    #####..
 Cause Fear               Hex            #.........   80%         4    #####..
 Leda's Liquefaction      Hex/Erth       #.........   80%         4    #####..
 Yara's Violent Unravell  Hex/Tmut       #.........   96%         5    ######.
 Metabolic Englaciation   Hex/Ice        #.........   98%         5    ######.
 Summon Small Mammal      Summ           Unusable     N/A         1    N/A
 Call Imp                 Summ           Unusable     N/A         2    N/A
 Call Canine Familiar     Summ           Unusable     N/A         3    N/A
 Summon Guardian Golem    Hex/Summ       Unusable     N/A         3    N/A
 Summon Ice Beast         Ice/Summ       Unusable     N/A         4    N/A
 Summon Lightning Spire   Summ/Air       Unusable     N/A         4    N/A

Dungeon Overview and Level Annotations

Branches:
Dungeon (10/15)            Temple (1/1) D:5            Lair (4/6) D:8
  Swamp (0/4) Lair:3       Spider (0/4) Lair:4          Orc (2/2) D:10
    Elf (0/3) Orc:2       Gauntlet (1/1)

Altars:
Ashenzari
Cheibriados
Dithmenos
Elyvilon
Fedhas
Gozag
Hepliaklqana
Kikubaaqudgha
Makhleb
Nemelex Xobeh
Okawaru
Qazlal
Ru
Sif Muna
Trog
Uskayaw
Vehumet
Wu Jian
Xom
Yredelemnul
Zin
The Shining One

Shops:
D:6 [

Annotations:
D:6 Edmund
Lair:3 exclusions: downstairs, hydra, yak and 1 more exclusion Gauntlet 8 transporters, 2 runed translucent doors


Innate Abilities, Weirdness & Mutations

You are small and have problems with some larger weapons.
You are carnivorous and can eat meat at any time.
You cannot read scrolls while threatened.
You are hated by all.
You are somewhat inexperienced. (-2 XL)
You are partially covered in large bone plates. (SH +4)
You are clumsy. (Dex -2)
You are resistant to electric shocks. (rElec)


Message History

You hit the minotaur but do no damage.
The minotaur is severely wounded.
The minotaur barely misses you. You block the minotaur's attack.
You hit the minotaur but do no damage.
The minotaur is severely wounded.
Found 5 atropa-tipped darts.
Found a gate leading back out of this place.
You see here a javelin.
You flicker back into view.
The minotaur throws a javelin.
The javelin pierces through you!
You see here a javelin.
The minotaur throws a javelin.
The javelin pierces through you!
* * * LOW HITPOINT WARNING * * *
You see here a javelin.
The minotaur throws a javelin.
The javelin misses you.
You see here a javelin.
You can read scrolls again.
The minotaur throws a javelin.
The javelin pierces through you!!
You feel threatened and lose the ability to read scrolls!
You die...

#...##...##### ##########
#....#...###.. #..(...H.#
#.©8.#...###..
#(######.####....#...##.##
#.#...∩#.#....©8.#.8.#©[#©
#.#.####(#.##....#...##:+#
#.#.H(..(#.##.©8.#...###!.
#.########.##....#...###y.
#.H......@.##...##...#####
#############..##≈........
#.####§8.....8
#####......... #§...######
##.§.#.#..# #§§§.#..#.P
##...##.P#. #≈...#[#..#


You could see a minotaur.

Vanquished Creatures
  Snorg (Lair:4)
  2 two-headed ogres
  4 death yaks (Gauntlet)
  An unseen horror (D:8)
  An orb spider (Lair:4)
  An orc sorcerer (Orc:1)
  A torpor snail (Gauntlet)
  A black mamba (Lair:2)
  An apocalypse crab (Gauntlet)
  8 spiny frogs
  3 komodo dragons
  2 polar bears (Lair:1)
  6 hippogriffs
  A wyvern (Lair:3)
  A hungry ghost (D:7)
  34 yaks
  A warg (Orc:1)
  7 water moccasins
  12 porcupines
  6 orc warriors
  2 ice beasts (D:8)
  2 sky beasts
  2 black bears
  4 phantoms
  2 necrophages
  7 ogres
  An eye of draining (D:8)
  2 centaurs
  17 wolves
  7 crocodiles
  8 bullfrogs
  A wyvern zombie (D:6)
  3 scorpions
  5 wights
  A howler monkey (D:4)
  3 crimson imps
  2 bullfrog zombies
  3 hounds
  A quasit (D:7)
  4 orc priests
  2 jellies
  A bullfrog skeleton (D:5)
  2 iguanas
  2 hell rats (Lair:2)
  9 orc wizards
  6 worker ants
  A worker ant zombie (D:8)
  A howler monkey skeleton (D:8)
  10 adders
  2 river rats (Lair:2)
  2 shadow imps
  An ooze (D:4)
  5 worms
  2 dart slugs
  A leopard gecko (D:3)
  34 orcs
  9 bats
  4 giant cockroaches
  11 goblins
  12 hobgoblins
  17 jackals
  9 quokkas
  6 frilled lizards
  7 kobolds
  A leopard gecko skeleton (D:4)
  A quokka skeleton (D:4)
  14 rats
  A fungus (Lair:3)
344 creatures vanquished.

Vanquished Creatures (others)
  A jackal (D:8)
  4 bushes (D:8)
  5 demonic plants (Gauntlet)
  19 fungi
  32 plants
61 creatures vanquished.

Grand Total: 405 creatures vanquished

Notes
Turn   | Place    | Note
-------+----------+-------------------------------------------
     0 | D:1      | DrEnzyme the Kobold Wanderer began the quest for the Orb.
     0 | D:1      | DrEnzyme set off with the following items: a +2 dagger, a
                  | scroll of fear, 2 potions of lignification, a +0 robe, a
                  | ration
     0 | D:1      | Reached XP level 1. HP: 14/14 MP: 2/2
   369 | D:1      | Reached XP level 2. HP: 13/19 MP: 3/3
   938 | D:1      | Reached XP level 3. HP: 24/24 MP: 4/4
  1033 | D:1      | Reached skill level 5 in Stealth
  1369 | D:1      | You fall into a shaft and drop 1 floor!
  1540 | D:2      | Found a faded altar of an unknown god.
  2113 | D:2      | Found a shadowy altar of Dithmenos.
  2166 | D:2      | Reached XP level 4. HP: 28/29 MP: 5/5
  2391 | D:2      | Reached skill level 1 in Axes
  3710 | D:3      | Found a glowing golden altar of the Shining One.
  3755 | D:3      | Reached XP level 5. HP: 24/33 MP: 6/6
  4401 | D:4      | Got a distressingly furry ring mail
  4402 | D:4      | Identified the +3 ring mail "Veruju" {+Inv rF++ MP-9 Dex+2
                  | SInv} (You found it on level 4 of the Dungeon)
  4490 | D:4      | Noticed a phantom
  5003 | D:4      | Reached skill level 1 in Maces & Flails
  5224 | D:4      | Reached XP level 6. HP: 39/39 MP: 0/7
  5272 | D:4      | Reached skill level 2 in Maces & Flails
  5742 | D:5      | Entered Level 5 of the Dungeon
  5742 | D:5      | Noticed a phantom
  5859 | D:5      | Found a staircase to the Ecumenical Temple.
  5871 | Temple   | Entered the Ecumenical Temple
  6055 | Temple   | Became a worshipper of Ru the Awakened
  6139 | D:5      | Reached skill level 3 in Maces & Flails
  6311 | D:5      | Noticed a phantom
  6356 | D:5      | Killed a phantom
  6356 | D:5      | Reached XP level 7. HP: 35/44 MP: 0/8
  6859 | D:5      | Reached skill level 4 in Maces & Flails
  7431 | D:4      | Reached skill level 5 in Fighting
  7493 | D:4      | Reached skill level 5 in Maces & Flails
  7493 | D:4      | Reached XP level 8. HP: 32/49 MP: 0/9
  7929 | D:6      | Found Hellifoj's Armour Shoppe.
  7941 | D:6      | Reached skill level 6 in Maces & Flails
  7990 | D:6      | Gained mutation: You are hated by all. [Ru sacrifice]
  7990 | D:6      | Reached * piety under Ru
  8044 | D:6      | Identified the +2 leather armour of Toufrip {rCorr Int+6}
                  | (You found it on level 6 of the Dungeon)
  8626 | D:6      | Noticed Edmund
  8728 | D:6      | Reached skill level 1 in Evocations
  8815 | D:6      | Noticed a hippogriff
  8937 | D:6      | Bought the +5 scale mail "Axkutaon" {Int+2} for 402 gold
                  | pieces
  9368 | D:7      | Reached XP level 9. HP: 55/55 MP: 10/10
  9377 | D:7      | Reached skill level 7 in Maces & Flails
 10265 | D:8      | Found a radiant altar of Vehumet.
 10578 | D:8      | Found a burning altar of Makhleb.
 10611 | D:8      | Reached skill level 8 in Maces & Flails
 10733 | D:8      | Found a staircase to the Lair.
 11074 | D:8      | Reached skill level 9 in Maces & Flails
 11125 | D:8      | Reached XP level 10. HP: 63/63 MP: 12/12
 11837 | D:8      | Noticed a two-headed ogre
 12117 | D:8      | Reached skill level 10 in Maces & Flails
 12688 | D:9      | Found a white marble altar of Elyvilon.
 12688 | D:9      | Found a hide-covered altar of Uskayaw.
 12693 | D:9      | Found a faded altar of an unknown god.
 12695 | D:9      | Found an iron altar of Okawaru.
 12697 | D:9      | Found a faded altar of an unknown god.
 12787 | D:9      | Found a shimmering altar of Xom.
 12819 | D:9      | Noticed a two-headed ogre
 13315 | D:7      | Reached skill level 5 in Evocations
 13315 | D:7      | Reached XP level 11. HP: 46/68 MP: 2/14
 13424 | D:8      | Reached skill level 5 in Dodging
 13455 | D:8      | Killed a two-headed ogre
 13455 | D:8      | Reached skill level 11 in Maces & Flails
 13476 | D:8      | Noticed an unseen horror
 13500 | D:8      | Killed an unseen horror
 13670 | Lair:1   | Entered Level 1 of the Lair of Beasts
 15277 | Lair:1   | Reached skill level 12 in Maces & Flails
 16182 | Lair:2   | Reached XP level 12. HP: 52/76 MP: 2/17
 16669 | Lair:2   | Reached skill level 10 in Fighting
 17997 | Lair:3   | Noticed a four-headed hydra
 18315 | Lair:3   | Reached skill level 13 in Maces & Flails
 18331 | Lair:3   | Found a staircase to the Swamp.
 18394 | Lair:3   | Gained mutation: You cannot read scrolls while threatened.
                  | [Ru sacrifice]
 18394 | Lair:3   | Reached ** piety under Ru
 18913 | Lair:4   | Noticed Snorg
 19525 | Lair:4   | Noticed a five-headed hydra
 19667 | Lair:4   | Gained mutation: You are clumsy. (Dex -2) [potion of
                  | mutation]
 19667 | Lair:4   | Gained mutation: You are partially covered in large bone
                  | plates. (SH +4) [potion of mutation]
 19667 | Lair:4   | Gained mutation: You are resistant to electric shocks.
                  | (rElec) [potion of mutation]
 19682 | Lair:4   | Killed Snorg
 19777 | Lair:4   | Found a hole to the Spider Nest.
 19795 | Lair:4   | Reached XP level 13. HP: 82/82 MP: 7/18
 20255 | D:9      | Reached skill level 14 in Maces & Flails
 20553 | D:10     | Entered Level 10 of the Dungeon
 21123 | D:10     | Gained mutation: You are somewhat inexperienced. (-2 XL)
                  | [Ru sacrifice]
 21123 | D:10     | Reached XP level 12. HP: 78/78 MP: 9/9
 21123 | D:10     | Reached XP level 11. HP: 72/72 MP: 8/8
 21123 | D:10     | Reached *** piety under Ru
 21123 | D:10     | Reached **** piety under Ru
 21123 | D:10     | Reached ***** piety under Ru
 21127 | D:10     | Found a staircase to the Orcish Mines.
 21142 | Orc:1    | Entered Level 1 of the Orcish Mines
 21142 | Orc:1    | Noticed an orc sorcerer
 21157 | Orc:1    | Killed an orc sorcerer
 21379 | Orc:2    | Entered Level 2 of the Orcish Mines
 21383 | Orc:2    | Found a gate leading to a gauntlet.
 21423 | Gauntlet | Entered a Gauntlet
 21423 | Gauntlet | Found a transporter.
 21423 | Gauntlet | Noticed a death yak
 21423 | Gauntlet | Noticed a death yak
 21423 | Gauntlet | Noticed a death yak
 21424 | Gauntlet | Noticed a death yak
 21426 | Gauntlet | Found a transporter.
 21428 | Gauntlet | Found a transporter.
 21432 | Gauntlet | Found a transporter.
 21440 | Gauntlet | Found a runed translucent door.
 21441 | Gauntlet | Found a transporter.
 21441 | Gauntlet | Found a transporter.
 21441 | Gauntlet | Noticed a fire crab
 21442 | Gauntlet | Found a transporter.
 21442 | Gauntlet | Found a runed translucent door.
 21447 | Gauntlet | Found a transporter.
 21509 | Gauntlet | Found a transporter.
 21512 | Gauntlet | Found a transporter.
 21516 | Gauntlet | Found a transporter.
 21528 | Gauntlet | Noticed a reaper
 21533 | Gauntlet | Found a transporter.
 21677 | Gauntlet | Killed a death yak
 21682 | Gauntlet | Killed a death yak
 21688 | Gauntlet | Killed a death yak
 21699 | Gauntlet | Killed a death yak
 21713 | Gauntlet | Got a transparent brass ring
 21717 | Gauntlet | Identified the ring "Plog" {Wiz rElec rC- Int+6 SInv} (You
                  | found it in a Gauntlet)
 21720 | Gauntlet | Learned a level 1 spell: Corona
 21724 | Gauntlet | Learned a level 3 spell: Confusing Touch
 21842 | Gauntlet | Identified the +7 arbalest of Imetom Kinn {elec, *Drain
                  | rPois rC++}
 21842 | Gauntlet | Noticed a minotaur
 21899 | Gauntlet | Hit by a javelin thrown by a minotaur

Levels and vault maps discovered:
D:1:      scummos_arrival_hexagon, layout_basic, serial_glass, glass_columns_c,
          glass_columns_a, glass_columns_a, glass_columns_b, st_stairs_1
D:2:      layout_basic, grunt_dithmenos_smoke_and_mirrors,
          chequers_ecumenical_altar_simple_redux
D:3:      layout_loops_ring, nicolae_tso_carved_into_rock
D:4:      layout_basic
D:5:      layout_gridville, temple_green, first_ration
D:6:      layout_gridville, serial_shops, shop, uniq_edmund
D:7:      layout_loops_corners, serial_glass, glass_columns_b, glass_columns_b,
          grunt_ogre_cave
D:8:      minmay_bloctagon, layout_cave_pools, vehumet_altar_wand_db,
          minmay_lair_entry_grove, lemuel_statue_altar
D:9:      layout_long_grid, xom_butterflies, chequers_temple_overflow_minitemple
D:10:     layout_roguey, david_orc_4, fountainhead, minmay_misc_feat_tiny,
          evilmike_butchery
Temple:   regret_index_temple_generic_petals
Lair:1:   layout_regular_city, cheibrodos_lair_lostbears, grunt_megastairs_1,
          infiniplex_staircase_pool_2
Lair:2:   layout_loops_ring, serial_forest, infiniplex_forest_side_room,
          infiniplex_forest_lined_room_, infiniplex_forest_straight_2,
          infiniplex_forest_straight_4, infiniplex_forest_end_2,
          infiniplex_forest_clump_diagonal, infiniplex_forest_straight_2,
          st_stairs_8, kennysheep_abandoned_house
Lair:3:   layout_regular_city, swamp_mist, minmay_holes, beast_lair_carwin_2,
          grunt_megastairs_2
Lair:4:   layout_concentric_octagons, nicolae_spider_entry_orb_guardian,
          serial_bayou_shore_a, uniq_snorg
Orc:1:    layout_caves, basic_altar
Orc:2:    st_orc_town, layout_caves, gauntlet_entry_generic
Gauntlet: minmay_gauntlet_mixed_oops_all_seconds
          [minmay_gauntlet_arena_77_hold_the_fort,
          gammafunk_gauntlet_arena_split_diamond, minmay_gauntlet_arena_77_mess,
          gammafunk_gauntlet_arena_arrow_garden,
          minmay_gauntlet_arena_77_cramped, nicolae_gauntlet_arena_x,
          gauntlet_exit_spiral]

Skill      XL: |  1  2  3  4  5  6  7  8  9 10 11 12 13 |
---------------+----------------------------------------+-----
Stealth        | 5 |  5.3
Axes           | 1 |  1.8
Dodging        | 2 3 4 7 6 |  7.2
Fighting       | 4 5 6 7 8 11 10 | 11.2
Maces & Flails | 1 3 5 6 9 10 12 13 14 | 14.8
Evocations     | 1 3 5 6 7 8 |  8.2
Armour         | |  0.9
Spellcasting   | |  1.1
Transmutations | |  1.0
Fire Magic     | |  1.0

Action                   |  1- 3 |  4- 6 |  7- 9 | 10-12 | 13-15 || total
-------------------------+-------+-------+-------+-------+-------++-------
Melee: Dagger            |    25 |       |       |       |       ||    25
       Short sword       |    43 |       |       |       |       ||    43
       Hand axe          |    73 |   135 |       |       |       ||   208
       Morningstar       |       |   128 |   322 |   789 |   130 ||  1369
       Unarmed           |       |       |       |     4 |       ||     4
Throw: Dart              |     9 |     7 |       |       |     2 ||    18
       Throwing net      |       |       |       |     1 |     1 ||     2
Invok: Sacrifice Love    |       |       |     1 |       |       ||     1
       Reject Sacrifices |       |       |       |     1 |       ||     1
       Sacrifice Experie |       |       |       |     1 |       ||     1
       Sacrifice Words   |       |       |       |     1 |       ||     1
 Abil: Evoke Invisibilit |       |       |       |    23 |     3 ||    26
  Use: Scroll            |     1 |     3 |    10 |    13 |     2 ||    29
       Potion            |       |     1 |     2 |     9 |       ||    12
 Stab: Sleeping          |     4 |     7 |    11 |     8 |     2 ||    32
       Distracted        |     1 |     1 |       |       |     1 ||     3
       Invisible         |       |       |       |    59 |     7 ||    66
  Eat: Chunk             |    12 |    13 |    16 |    40 |     7 ||    88
       Ration            |       |       |       |     4 |       ||     4
Armor: Robe              |    26 |     3 |       |       |       ||    29
       Scale mail        |       |    78 |    90 |    49 |       ||   217
       Ring mail         |       |    26 |    69 |   162 |    27 ||   284
       Skin              |       |    24 |       |    19 |       ||    43
Dodge: Dodged            |   136 |   215 |   292 |   639 |    85 ||  1367
Block: Other             |       |       |       |    11 |    22 ||    33

Table legend:
 A = Non-vault XP
 B = Vault XP
 C = Vault XP percentage of total XP
 D = Non-vault monster count
 E = Vault monster count
 F = Vault count percentage of total count
                 A         B        C        D         E       F
            +---------+---------+-------+---------+---------+-------
      Total |   22449 |   13075 |  36.8 |     266 |      77 |  22.4
            +---------+---------+-------+---------+---------+-------
        D:1 |      38 |       4 |   9.5 |      24 |       3 |  11.1
        D:2 |      40 |       0 |   0.0 |      20 |       0 |   0.0
        D:3 |      84 |       0 |   0.0 |      26 |       0 |   0.0
        D:4 |     491 |       0 |   0.0 |      21 |       0 |   0.0
        D:5 |     491 |       0 |   0.0 |      17 |       0 |   0.0
        D:6 |     657 |       0 |   0.0 |      17 |       0 |   0.0
        D:7 |    1498 |    1703 |  53.2 |      21 |      12 |  36.4
        D:8 |    2186 |    2090 |  48.9 |      20 |      15 |  42.9
        D:9 |    2243 |       0 |   0.0 |      16 |       0 |   0.0
       D:10 |     874 |     675 |  43.6 |      11 |      17 |  60.7
     Lair:1 |    3228 |     775 |  19.4 |      17 |       3 |  15.0
     Lair:2 |    4440 |     643 |  12.7 |      19 |      13 |  40.6
     Lair:3 |    4318 |    1142 |  20.9 |      27 |       6 |  18.2
     Lair:4 |    1015 |    1780 |  63.7 |       7 |       2 |  22.2
      Orc:1 |     846 |       0 |   0.0 |       3 |       0 |   0.0
   Gauntlet |       0 |    4263 | 100.0 |       0 |       6 | 100.0
            +---------+---------+-------+---------+---------+-------
